 Dungeon Crawl Stone Soup version 0.30.0-18-gc0e69614cb (webtiles) character file.

Game seed: 2135951473418252133

72 KittyFluff the Trooper (level 4, -2/43 HPs)
             Began as a Gargoyle Berserker on May 24, 2023.
             Was a Believer of Trog.
             Slain by Natasha (5 damage)
             ... on level 2 of the Dungeon.
             The game lasted 00:05:39 (1408 turns).

KittyFluff the Trooper (Gargoyle Berserker)         Turns: 1408, Time: 00:05:39

Health: -2/43      AC:  6    Str: 20    XL:     4   Next: 26%
Magic:  4/4        EV: 12    Int:  8    God:    Trog [**....]
Gold:   94         SH:  0    Dex: 11    Spells: 3/3 levels left

rFire   + . .        a - +0 mace
rCold   . . .        (no shield)
rNeg    + . .        b - +0 animal skin
rPois   ∞            l - +0 helmet
rElec   +            (no cloak)
rCorr   .            (no gloves)
SInv    .            (no boots)
Will    .....        (no amulet) Stlth
                     j - ring of protection from fire
HPRegen 0.27/turn    (no ring)
MPRegen 0.09/turn

%: no passive effects
@: berserking, slowed
A: sickness immunity, AC +3, negative energy resistance 1, electricity
resistance, torment resistance 1, petrification resistance
a: Renounce Religion, Berserk, Trog's Hand


You were on level 2 of the Dungeon.
You worshipped Trog.
Trog was pleased with you.
You visited 1 branch of the dungeon, and saw 2 of its levels.

You collected 94 gold pieces.

Inventory:

Hand Weapons
 a - a +0 mace (weapon)
Armour
 b - a +0 animal skin (worn)
 l - a +0 helmet (worn)
Jewellery
 j - a ring of protection from fire (left hand)
Scrolls
 c - a scroll of vulnerability {unknown}
 e - a scroll of poison {unknown}
 k - a scroll of identify {unknown}
Potions
 d - a potion of brilliance {unknown}
 f - 3 potions of curing {unknown}
 g - a potion of lignification {unknown}
 h - 2 potions of berserk rage {unknown}
 i - a potion of haste {unknown}


   Skills:
 + Level 3.9 Fighting
 + Level 3.8 Maces & Flails
 * Level 2.9 Armour
 + Level 2.0 Dodging
 + Level 0.3 Stealth


You had 3 spell levels left.
You didn't know any spells.
Your spell library was empty.

Dungeon Overview and Level Annotations

Branches:
Dungeon (2/15)

Altars:

Annotations:
D:2 Natasha


Innate Abilities, Weirdness & Mutations

You are immune to sickness and miasma.
Your stone body is resilient. (AC +3)
You are immune to poison.
You resist negative energy. (rN+)
You are resistant to electric shocks. (rElec)
You are resistant to unholy torment.
You are immune to petrification.


Message History

Natasha flickers and vanishes!
Deactivating autopickup; reactivate with Ctrl-A.
The adder attacks as you move away! The adder misses you.
The adder closely misses you. The adder attacks as you move away!
The adder misses you. The adder attacks as you move away!
The adder bites you but does no damage. The adder closely misses you.
There is an open door here.
Things that are here:
an adder corpse; a bat corpse You miss the adder.
The adder is moderately wounded.
The adder bites you but does no damage. The adder bites you.
You hit the adder.
The adder is heavily wounded.
The adder completely misses you.
You hit the adder.
You kill the adder!
Trog accepts your kill.
You barely miss something. Something claws you but does no damage.
Something claws you.
You closely miss something.
You hear some strange, mumbled words.
You feel yourself slow down.
You barely miss something. Something barely misses you.
You hear some strange, mumbled words.
A magic dart appears from out of thin air!
The magic dart hits you!
You completely miss something. Your punch misses something.
Something claws you. Something claws you but does no damage.
You hit something but do no damage. Something claws you but does no damage.
Something claws you!
* * * LOW HITPOINT WARNING * * *
You hit something. Something barely misses you. Something claws you.
* * * LOW HITPOINT WARNING * * *
A red film seems to cover your vision as you go berserk!
You feel yourself moving faster!
You feel mighty! Something claws you!
* * * LOW HITPOINT WARNING * * *
You miss something. Your punch misses something. Something claws you.
You die...

... #### ..# ...# ... ...#
.. ...###### #.##
...#....# ..#####
...#....##########.....##.
........'.......@{w....'..
...#....##########.....##.
####....# #..........
###### #.....#.... #.....#
... #....w.........
#..............
#...{.......... ##########
#..............


You could see a worm.

Vanquished Creatures
  Natasha (D:2)
  2 adders (D:2)
  A dart slug (D:1)
  3 ball pythons
  3 endoplasms (D:1)
  3 giant cockroaches
  2 hobgoblins (D:1)
  2 quokkas (D:1)
  5 bats
  A frilled lizard (D:2)
  2 kobolds (D:1)
  5 rats
30 creatures vanquished.

Notes
Turn   | Place    | Note
-------+----------+-------------------------------------------
     0 | D:1      | KittyFluff the Gargoyle Berserker began the quest for the
                  | Orb.
     0 | D:1      | Reached XP level 1. HP: 14/14 MP: 1/1
   380 | D:1      | Reached XP level 2. HP: 18/19 MP: 2/2
   632 | D:1      | Found a faded altar of an unknown god.
   993 | D:2      | Reached XP level 3. HP: 23/23 MP: 3/3
  1129 | D:2      | Reached ** piety under Trog
  1166 | D:2      | Noticed Natasha
  1178 | D:2      | Killed Natasha
  1362 | D:2      | Reached XP level 4. HP: 23/29 MP: 4/4
  1390 | D:2      | Noticed Natasha
  1408 | D:2      | Slain by Natasha

Illustrated notes

Levels and vault maps discovered:
D:1:      saegor_arrival_simple_b, layout_basic,
          hellmonk_ecumenical_altar_crossroads
D:2:      layout_basic, uniq_natasha

Skill      XL: |  1  2  3 |
---------------+----------+-----
Dodging        | 2 |  2.0
Fighting       | |  3.9
Maces & Flails | |  3.8
Armour         | |  2.9
Stealth        | |  0.3

Action                     |  1- 3 |  4- 6 || total
---------------------------+-------+-------++-------
  Melee: Mace              |    91 |    11 ||   102
         Punch             |     2 |       ||     2
 Invoke: Berserk           |       |     1 ||     1
   Stab: Sleeping          |     1 |       ||     1
 Armour: Animal skin       |    36 |     5 ||    41
  Dodge: Dodged            |    59 |     8 ||    67
